 Dungeon Crawl Stone Soup version 0.13.1-28-g3517093 (console) character file.

6746 Abraham the Severer (level 11, -4/85 HPs)
             Began as a Hill Orc Berserker on Mar 8, 2014.
             Was a Priest of Trog.
             Slain by a yak (7 damage)
             ... on Level 2 of the Lair of Beasts.
             The game lasted 00:21:39 (2936 turns).

Abraham the Severer (Hill Orc Berserker)            Turns: 2936, Time: 00:21:39

HP  -4/85        AC  7     Str 24      XL: 11   Next:  2%
MP  10/10        EV  9     Int  7      God: Trog [***...]
Gold 150         SH  7     Dex 10      Spells:  0 memorised, 10 levels left

Res.Fire  : . . .   See Invis. : .   F - +1,+0 dwarf war axe
Res.Cold  : + . .   Warding    : .   u - +2 dwarf ring mail {rC+}
Life Prot.: . . .   Conserve   : .   p - +1 buckler {rPois}
Res.Poison: +       Res.Corr.  : .   (no helmet)
Res.Elec. : .       Clarity    : .   (no cloak)
Sust.Abil.: . .     Spirit.Shd : .   (no gloves)
Res.Mut.  : +       Stasis     : .   (no boots)
Res.Rott. : .       Flight     : .   g - amulet of resist mutation
Saprovore : + . .                    (no ring)
                                     (no ring)

@: regenerating, exhausted, slowed, very slow, very resistant to hostile
enchantments, extremely unstealthy
A: saprovore 1
a: Burn Spellbooks, Berserk, Trog's Hand, Renounce Religion


You were on level 2 of the Lair of Beasts.
You worshipped Trog.
Trog was most pleased with you.
You were hungry.

You visited 2 branches of the dungeon, and saw 12 of its levels.

You collected 204 gold pieces.
You spent 74 gold pieces at shops.

Inventory:

Hand weapons
 a - a +0,-1 orcish hand axe {=f}
 q - the +5,+9 quarterstaff of Ewotredi {pain, rF+ MR+}
   (You found it on level 4 of the Dungeon)

   In the hands of one skilled in necromantic magic, it inflicts extra damage on
   living creatures.
   It protects you from fire.
   It affects your resistance to hostile enchantments.
 F - a +1,+0 dwarven war axe (weapon)
Missiles
 y - a throwing net (quivered)
Armour
 b - a +2 robe of resistance
 p - a +1 buckler of poison resistance (worn)
 u - a +2 dwarven ring mail of cold resistance (worn)
 v - a +2 robe of magic resistance
Magical devices
 j - a wand of disintegration (13)
 w - a wand of fireball (3) {unknown}
 z - a wand of lightning (4) {unknown}
 B - a wand of magic darts (10)
Comestibles
 c - 2 meat rations
 f - a bread ration
 D - a honeycomb
 H - 2 chunks of yak flesh
Scrolls
 e - 2 scrolls of noise {unknown}
 h - 2 scrolls of remove curse {unknown}
 i - a scroll of fog {unknown}
 l - 2 scrolls of teleportation
 n - 3 scrolls of blinking {unknown}
 o - a scroll of magic mapping {unknown}
 r - a scroll of curse jewellery {unknown}
 t - 3 scrolls of immolation
 x - a scroll of identify
 A - a scroll of enchant weapon II {unknown}
 C - a scroll of acquirement {unknown}
 E - 2 scrolls of enchant armour {unknown}
Jewellery
 g - an amulet of resist mutation (around neck)
 k - an uncursed ring of ice
Books
 m - a book of Unlife

   Spells                             Type                      Level
   Recall                             Summoning/Translocation      3
   Animate Dead                       Necromancy                   4
   Control Undead                     Necromancy                   4
   Twisted Resurrection               Necromancy                   5
   Death Channel                      Necromancy                   6
   Simulacrum                         Ice/Necromancy               6
   Trog disapproves of the use of such an item.
 G - a Necronomicon {highlevel}

   This book is beyond your current level of understanding.

   Spells                             Type                      Level
   Borgnjor's Revivification          Necromancy                   7
   Haunt                              Necromancy/Summoning         7
   Death's Door                       Charms/Necromancy            8
   Necromutation                      Transmutation/Necromancy     8
   Trog disapproves of the use of such an item.
Magical staves
 s - an uncursed staff of conjuration {unknown}


   Skills:
 * Level 4.3 Fighting
 + Level 19.4 Axes
 - Level 2.1 Armour
 - Level 1.5 Dodging


You had 10 spell levels left.
You didn't know any spells.

Dungeon Overview and Level Annotations

Branches:
Dungeon (10/27)              Lair (2/8) D:10
 Temple: D:4-7          Orc: D:6-11

Altars:
Cheibriados
Okawaru

Shops:
D:4 }   D:6 ?   D:10 =

Annotations:
D:6 Eustachio
D:9 exclusion: ice statue


Innate Abilities, Weirdness & Mutations

You can tolerate rotten meat.


Message History

You feel slightly more hungry.
Read which item? (? for menu, Esc to quit)
As you read the scroll of fear, it crumbles to dust.
You assume a fearsome visage.
The yak looks frightened!
The yak looks frightened!
Eat one of 3 chunks of yak flesh? (ye/n/q/i?) This raw flesh tastes unpleasant.
You are feeling hungry.
You continue eating.
The yak gores you!
* * * LOW HITPOINT WARNING * * *
The yak barely misses you. The yak gores you!
* * * LOW HITPOINT WARNING * * *
The yak gores you but does no damage. The yak barely misses you.
The yak gores you!
* * * LOW HITPOINT WARNING * * *
The yak gores you!
You die...

.....#...# ###..#
.####...# #..##
.f###..)# #..###
...##.#.## ##...#
......<..# #..###
.....f..## ##..#
......### ##.##
.###...##########Y.##
.# ##...........@...#
.# ####P######P.##.#
.# ### #### ## ##


You could see a yak.

Vanquished Creatures
  Fannar (Lair:1)
  Erica (Lair:1)
  Pikel (D:4)
  A spiny frog (Lair:2)
  9 yaks
  A hippogriff (Lair:2)
  A deep elf fighter (D:10)
  5 wolves (Lair:2)
  An ice beast (D:10)
  2 porcupines (Lair:2)
  A sky beast (D:8)
  A black bear (D:8)
  3 ogres
  A slave (D:3)
  A crocodile (Lair:2)
  3 centaurs
  3 giant frogs
  Blork the orc (D:4)
  A gnoll sergeant (D:8)
  2 crimson imps
  A giant frog zombie (D:6)
  4 hounds
  A giant frog skeleton (D:5)
  A scorpion (D:8)
  An orc priest (D:7)
  A jelly (D:5)
  3 orc wizards
  5 worker ants
  An ogre skeleton (D:4)
  3 adders
  A giant centipede (Lair:2)
  6 gnolls (D:8)
  8 green rats
  An inept feature mimic (D:2)
  2 worms
  2 giant eyeballs
  5 orcs
  13 bats
  9 hobgoblins
  11 jackals
  5 kobolds
  2 quokkas
  A giant gecko (Lair:2)
  A giant spore (D:6)
  3 goblins (D:4)
  13 rats
  A rat skeleton (D:7)
  2 ballistomycetes (D:6)
  A fungus (Lair:2)
  A plant (Lair:2)
149 creatures vanquished.

Vanquished Creatures (others)
  2 jackals (Lair:1)
2 creatures vanquished.

Grand Total: 151 creatures vanquished

Notes
Turn   | Place    | Note
--------------------------------------------------------------
     0 | D:1      | Abraham, the Hill Orc Berserker, began the quest for the Orb.
     0 | D:1      | Reached XP level 1. HP: 19/19 MP: 0/0
    99 | D:2      | Reached XP level 2. HP: 26/26 MP: 1/1
   103 | D:2      | Reached skill level 5 in Axes
   126 | D:2      | Reached XP level 3. HP: 21/33 MP: 2/2
   234 | D:4      | HP: 1/49 [worker ant (6)]
   237 | D:4      | Reached skill level 6 in Axes
   237 | D:4      | Reached XP level 4. HP: 1/39 MP: 3/3
   323 | D:4      | Reached skill level 7 in Axes
   374 | D:4      | Reached XP level 5. HP: 15/46 MP: 4/4
   421 | D:4      | Noticed an ogre
   430 | D:4      | Killed an ogre
   430 | D:4      | Reached skill level 8 in Axes
   475 | D:5      | Entered Level 5 of the Dungeon
   603 | D:5      | Reached XP level 6. HP: 36/52 MP: 5/5
   607 | D:5      | Reached skill level 9 in Axes
   693 | D:4      | Found an iron altar of Okawaru.
   721 | D:4      | Acquired Trog's second power
   795 | D:4      | Got a steaming quarterstaff
   796 | D:4      | Identified the quarterstaff of Ewotredi {pain, rF+ MR+} (You found it on level 4 of the Dungeon)
   799 | D:4      | Found Qainahiu's Gadget Emporium.
   899 | D:6      | Found Twiagomu's Magic Scroll Shoppe.
   902 | D:6      | Bought a scroll of immolation for 10 gold pieces
   902 | D:6      | Bought a scroll of identify for 20 gold pieces
   902 | D:6      | Bought a scroll of identify for 20 gold pieces
   948 | D:6      | Reached skill level 10 in Axes
   948 | D:6      | Reached XP level 7. HP: 52/59 MP: 6/6
  1024 | D:6      | Noticed Eustachio
  1145 | D:4      | Noticed an ogre
  1153 | D:4      | Killed an ogre
  1153 | D:4      | Reached skill level 11 in Axes
  1192 | D:4      | Noticed a slave
  1193 | D:4      | Noticed a slave
  1195 | D:4      | Noticed a slave
  1196 | D:4      | Noticed Pikel
  1215 | D:3      | Killed a slave
  1255 | D:4      | Noticed a slave
  1261 | D:4      | Noticed Blork the orc
  1266 | D:4      | Killed Pikel
  1266 | D:4      | Reached skill level 12 in Axes
  1266 | D:4      | Reached XP level 8. HP: 47/66 MP: 7/7
  1270 | D:4      | Killed Blork the orc
  1270 | D:4      | Reached skill level 13 in Axes
  1297 | D:4      | You fall through a shaft!
  1481 | D:8      | Paralysed by a giant eyeball for 2 turns
  1492 | D:8      | Reached skill level 14 in Axes
  1541 | D:8      | Reached XP level 9. HP: 52/72 MP: 8/8
  1586 | D:8      | Found a snail-covered altar of Cheibriados.
  1801 | D:9      | Reached skill level 15 in Axes
  1870 | D:9      | Reached skill level 16 in Axes
  1887 | D:10     | Entered Level 10 of the Dungeon
  1985 | D:10     | Paralysed by a giant eyeball for 4 turns
  2094 | D:9      | Noticed an ice statue
  2127 | D:10     | Found Blakarik's Jewellery Shop.
  2160 | D:10     | Bought an uncursed amulet of inaccuracy for 24 gold pieces
  2227 | D:10     | Reached XP level 10. HP: 62/79 MP: 9/9
  2233 | D:10     | Reached skill level 17 in Axes
  2309 | D:10     | Found a staircase to the Lair.
  2319 | Lair:1   | Entered Level 1 of the Lair of Beasts
  2347 | Lair:1   | Noticed Fannar
  2399 | Lair:1   | Killed Fannar
  2432 | Lair:1   | Noticed Erica
  2453 | Lair:1   | Killed Erica
  2453 | Lair:1   | Reached skill level 18 in Axes
  2584 | Lair:2   | Acquired Trog's third power
  2673 | Lair:2   | Reached skill level 19 in Axes
  2917 | Lair:2   | Reached XP level 11. HP: 27/85 MP: 10/10
  2935 | Lair:2   | HP: 2/85 [yak (14)]
  2936 | Lair:2   | Slain by a yak

Action                   |  1- 3 |  4- 6 |  7- 9 | 10-12 || total
-------------------------+-------+-------+-------+-------++-------
Melee: Hand axe          |    43 |    77 |   323 |    83 ||   526
       War axe           |       |       |       |    59 ||    59
Invok: Berserk           |     3 |     6 |    11 |     6 ||    26
       Trog's Hand       |       |       |    10 |     9 ||    19
Evoke: Wand              |       |       |     2 |     4 ||     6
  Use: Scroll            |       |     4 |       |     2 ||     6
 Stab: Sleeping          |     1 |       |       |       ||     1
